 Dungeon Crawl Stone Soup version 0.28.0-43-g3370ac3207 (webtiles) character file.

Game seed: 10044935687601472647

5083 CryoSword the Skirmisher (level 10, 0/129 HPs)
             Began as a White Draconian Conjurer on Mar 23, 2022.
             Was a Follower of the Shining One.
             Succumbed to a water moccasin's poison
             ... on level 9 of the Dungeon.
             The game lasted 00:23:17 (11015 turns).

CryoSword the Skirmisher (DrCj)                    Turns: 11015, Time: 00:23:18

Health: 0/129      AC: 25    Str: 12    XL:     10   Next: 31%
Magic:  16/16      EV:  2    Int: 19    God:    the Shining One [*.....]
Gold:   1419       SH:  0    Dex:  9    Spells: 13/17 levels left

rFire   . . .      SeeInvis .   i - +5 lajatang (elec)
rCold   . . .      Faith    .   (shield currently unavailable)
rNeg    . . .      Spirit   .   (armour unavailable)
rPois   +          Reflect  .   (helmet currently unavailable)
rElec   .          Harm     .   (cloak currently unavailable)
rCorr   +          Rampage  .   (gloves currently unavailable)
Will    .....      NoTele   +   (boots currently unavailable)
Stlth   +.........              v - amulet of magic regeneration
HPRegen 0.00/turn               m - ring of wizardry
MPRegen 0.55/turn               x - ring of resist corrosion

@: lethally poisoned (0 -> -8), tree-form, inhibited regen, glowing
A: stationary, stasis, torment immunity, boosted hp, (breathe frost), AC +7,
unfitting armour, (cold resistance 1), (cold-blooded), (horns 1), (talons 1),
clumsy 1, inhibited regeneration
a: Renounce Religion, Divine Shield


You were on level 9 of the Dungeon.
You worshipped the Shining One.
The Shining One was aware of your devotion.
You were a tree.
You visited 2 branches of the dungeon, and saw 10 of its levels.
You also visited: Sewer and Ossuary.

You collected 1524 gold pieces.
You spent 105 gold pieces at shops.

Inventory:

Hand Weapons
 i - a +5 lajatang of electrocution (weapon)
   (You acquired it on level 5 of the Dungeon)
Missiles
 d - 20 poisoned darts
 e - a curare-tipped dart
 f - 9 atropa-tipped darts (quivered)
 w - 2 throwing nets
Armour
 j - a +2 pair of boots (melded)
   (You found it on level 5 of the Dungeon)
 t - a +1 cloak (melded)
   (You took it off Crazy Yiuf on level 6 of the Dungeon)
Jewellery
 m - a ring of wizardry (left branch)
   (You found it on level 3 of the Dungeon)
 v - an amulet of magic regeneration (around neck)
   (You found it on level 5 of the Dungeon)
 x - a ring of resist corrosion (right branch)
   (You bought it in a shop on level 5 of the Dungeon)
Wands
 o - a wand of acid (4)
   (You found it on level 4 of the Dungeon)
Scrolls
 a - a scroll of fog
 c - 6 scrolls of teleportation {@r4}
 h - a scroll of vulnerability {unknown}
 l - 2 scrolls of magic mapping {unknown}
 n - 2 scrolls of identify {@r1}
 r - 2 scrolls of enchant armour
 s - a scroll of amnesia {unknown}
Potions
 p - a potion of haste {@q3}
 u - a potion of invisibility {unknown}
 z - a potion of cancellation
 A - 2 potions of magic {unknown}


   Skills:
 + Level 7.5 Fighting
 * Level 6.8 Staves
 + Level 6.5 Dodging
 - Level 5.0 Stealth
 - Level 4.3 Unarmed Combat
 - Level 4.0 Spellcasting
 - Level 6.1 Conjurations
 - Level 3.0 Summonings


You had 13 spell levels left.
You knew the following spells:

 Your Spells              Type           Power      Damage    Failure   Level
a - Magic Dart            Conj           100%       1d8       1%          1
b - Searing Ray           Conj           54%        2d6       1%          2
c - Summon Small Mammal   Summ           60%        N/A       1%          1

Your spell library contained the following spells:

 Spells                   Type           Power      Damage    Failure   Level
 Call Canine Familiar     Summ           15%        N/A       4%          3
 Dazzling Flash           Conj/Hex       30%        N/A       4%          3
 Sublimation of Blood     Necr           3%         N/A       9%          2
 Wereblood                Tmut           3%         N/A       9%          2
 Summon Guardian Golem    Hex/Summ       9%         N/A       9%          3
 Iskenderun's Battlesphe  Conj           27%        2d8       12%         5
 Fulminant Prism          Conj/Hex       7%         3d7       16%         4
 Iskenderun's Mystic Bla  Conj/Tloc      15%        2d5       16%         4
 Summon Lightning Spire   Summ/Air       9%         N/A       28%         4
 Iron Shot                Conj/Erth      7%         9d2       90%         6
 Orb of Destruction       Conj           13%        9d7       97%         7
 Spellforged Servitor     Conj/Summ      10%        N/A       99%         7
 Storm Form               Tmut/Air       1%         N/A       100%        7
 Summon Hydra             Summ           7%         N/A       100%        7
 Maxwell's Capacitive Co  Air            1%         ∞         100%        8


Dungeon Overview and Level Annotations

Branches:
Dungeon (9/15)             Temple (1/1) D:6           Sewer (visited)
Ossuary (visited)
   Lair: D:8-11         Orc: D:9-12

Altars:
Cheibriados
Elyvilon
Hepliaklqana
Makhleb
Nemelex Xobeh
Qazlal
Trog
Uskayaw
Vehumet
Wu Jian
Xom
Yredelemnul
The Shining One

Shops:
D:5 *


Innate Abilities, Weirdness & Mutations

You are a tree.
Your roots penetrate the ground, keeping you stationary.
You cannot be teleported.
You are immune to unholy pain and torment.
Your maximum health is greatly increased.
Your equipment is partially melded.
((You can breathe waves of freezing cold which knock back foes.))
((Your icy white scales are hard. (AC +7)))
You cannot fit into any form of body armour.
((Your flesh is cold resistant. (rC+)))
((You are cold-blooded and may be slowed by cold attacks.))
((You have a pair of small horns on your head.))
((You have sharp toenails.))
You are clumsy. (Dex -2)
You do not regenerate when monsters are visible.


Message History

The orc moves out of view.
Aim: a troll (haloed, 85% to hit)
The searing ray hits the troll. (Press . to maintain the ray.)
The orc shouts!
You hear an angry buzzing noise.
The troll bites you! The troll misses you. The troll claws you.
Aim: a troll (lightly wounded, haloed, 79% to hit)
You exhale a wave of freezing cold.
The freezing breath hits the troll!
The troll is blown backwards by the freezing wind.
The troll slams into the rock wall!
The orc wizard gestures wildly while chanting.
The orc wizard flickers and vanishes!
Deactivating autopickup; reactivate with Ctrl-A.
You hit the troll. The troll bites you. The troll claws you but does no damage.
The troll claws you!
You are too injured to fight recklessly!
The killer bee buzzes angrily.
You hit the troll. Your headbutt misses the troll.
You tail-slap the troll, but do no damage.
You hear an angry buzzing noise.
The troll closely misses you. The troll misses you.
The troll closely misses you.
You completely miss the troll. The troll barely misses you.
The troll claws you.
* * * LOW HITPOINT WARNING * * *
The troll barely misses you.
You slash the troll! Lightning courses through the troll!
You kill the troll!
You slash the orc warrior! You tail-slap the orc warrior.
You slice the orc warrior!!
You kill the orc warrior!
The killer bee closely misses you.
The killer bee stings you but does no damage.
You barely miss the killer bee. The killer bee closely misses you.
The killer bee misses you.
You slice the killer bee!!
Lightning courses through the killer bee!
You kill the killer bee!
The killer bee stings you but does no damage.
The killer bee stings you.
* * * LOW HITPOINT WARNING * * *
You are poisoned.
The killer bee poisons you!
You feel very sick. The killer bee barely misses you.
Aim: a killer bee (haloed, 69% to hit)
The searing ray hits the killer bee! (Press . to maintain the ray.)
You feel sick. The killer bee barely misses you.
The killer bee stings you but does no damage.
The searing ray hits the killer bee!
You feel sick. The killer bee closely misses you. x2
The searing ray hits the killer bee.
You kill the killer bee!
You feel sick.
The searing ray hits the orc wizard!
The searing ray hits the orc!
You kill the orc!
You finish channelling your searing ray.
You feel sick. The orc wizard casts a spell at you. The magic dart hits you!
* * * LOW HITPOINT WARNING * * *
Aim: an orc wizard, wielding a +1 dagger of speed and wearing a +0 robe (heavily wounded, slightly transparent, haloed, 81% to hit)
The searing ray hits the orc wizard!
You kill the orc wizard!
Reactivating autopickup. (Press . to maintain the ray.)
You feel sick.
The searing ray hits the killer bee.
You feel sick. The killer bee stings you!
* * * LOW HITPOINT WARNING * * *
You are more poisoned.
The killer bee poisons you!
The killer bee stings you but does no damage.
The searing ray hits the killer bee.
The searing ray hits the orc.
You feel sick. The killer bee stings you.
* * * LOW HITPOINT WARNING * * *
You are more poisoned.
The killer bee poisons you!
The killer bee stings you but does no damage.
An orc comes into view. It is wielding a +0 club.
You feel much better.
You have got your breath back.
You feel very sick. The killer bee stings you.
* * * LOW HITPOINT WARNING * * *
The killer bee stings you.
* * * LOW HITPOINT WARNING * * *
You feel much better.
You feel very sick.
The orc shouts!
The killer bee stings you!
* * * LOW HITPOINT WARNING * * *
The killer bee stings you but does no damage.
You feel sick. The killer bee closely misses you. The killer bee misses you.
The orc throws a boomerang.
The boomerang hits you but does no damage.
An orc comes into view. It is wielding a +0 hand axe.
You feel sick.
The killer bee buzzes angrily.
The killer bee barely misses you.
As you read the scroll of teleportation {@r4}, it crumbles to dust.
You feel strangely unstable.
You feel sick. The killer bee closely misses you.
The killer bee barely misses you.
The orc throws a boomerang.
The boomerang barely misses you.
You feel sick.
The orc throws a boomerang.
The boomerang barely misses you. The killer bee barely misses you.
You feel sick.
You feel sick. The killer bee barely misses you.
Aim: a killer bee (heavily wounded, haloed, 69% to hit)
The searing ray hits the killer bee!
You kill the killer bee!
The searing ray hits the killer bee. (Press . to maintain the ray.)
Your surroundings suddenly seem different.
A water moccasin comes into view.
Found a stone staircase leading down.
You feel sick.
You are no longer poisoned.
The water moccasin hisses angrily.
There is a stone staircase leading down here.
The water moccasin bites you.
* * * LOW HITPOINT WARNING * * *
You are lethally poisoned!
The water moccasin poisons you! The killer bee closely misses you.
The water moccasin bites you.
* * * LOW HITPOINT WARNING * * *
You climb downwards.
* * * LOW HITPOINT WARNING * * *
You feel very sick.
Found a stone staircase leading down.
There is a stone staircase leading up here.
Really quaff
g - a potion of lignification {!q}?
Really quaff the potion of lignification?
You turn into a tree.
Your +1 cloak melds into your body.
Your +2 pair of boots melds into your body.
Your roots penetrate the ground.
* * * LOW HITPOINT WARNING * * *
You feel very sick. The orc hits you with a +0 club.
* * * LOW HITPOINT WARNING * * *
The water moccasin bites you but does no damage.
You barely miss the orc.
* * * LOW HITPOINT WARNING * * *
You feel sick.
The water moccasin bites you but does no damage.
The orc hits you but does no damage.
Unknown command.
You slash the orc!
You kill the orc!
You die...

#.. #..
#.. #..
#.. #.. #
#..##.#
#.S♣).#
#....>..##
#.##.##..#
#. #..# #
#.# .# .
..


You could see a water moccasin.

Vanquished Creatures
  2 trolls
  Sigmund (D:3)
  Eustachio (D:6)
  2 steam dragons
  4 water moccasins
  Duvessa (D:6)
  2 ice beasts
  An orc warrior (D:8)
  Pargi (Sewer)
  2 hornet zombies
  A sky beast (D:4)
  4 ogres
  2 necrophages
  2 centaurs
  2 wolves (D:8)
  A kobold brigand (D:5)
  An elf zombie (Ossuary)
  5 scorpions
  3 wyvern zombies (D:6)
  4 water moccasin zombies (D:6)
  A wyvern skeleton (D:7)
  Dowan (D:6)
  3 killer bees (D:8)
  2 centaur zombies (Ossuary)
  2 bullfrog zombies (D:6)
  A hound (D:6)
  4 orc priests
  A bullfrog skeleton (D:5)
  2 centaur skeletons (D:6)
  Crazy Yiuf (D:6)
  3 iguanas
  5 orc wizards
  2 killer bee zombies
  3 mummies
  A howler monkey zombie (D:6)
  10 adders
  3 gnolls (D:5)
  A howler monkey skeleton (D:5)
  8 river rats (D:5)
  2 shadow imps
  A white imp (D:6)
  An ufetubus (D:6)
  2 worms
  3 dart slugs
  13 orcs
  7 endoplasms
  5 giant cockroaches
  3 gnoll zombies (Ossuary)
  8 goblins
  10 hobgoblins
  4 jackals
  5 kobolds
  14 quokkas
  8 ball pythons
  4 bats
  5 frilled lizards
  A goblin zombie (Ossuary)
  3 hobgoblin zombies
  A kobold zombie (D:5)
  5 orc zombies (Ossuary)
  17 rats
218 creatures vanquished.

Vanquished Creatures (others)
  2 fungi (D:6)
  7 withered plants (D:6)
9 creatures vanquished.

Grand Total: 227 creatures vanquished

Notes
Turn   | Place    | Note
-------+----------+-------------------------------------------
     0 | D:1      | CryoSword the Draconian Conjurer began the quest for the
                  | Orb.
     0 | D:1      | Reached XP level 1. HP: 14/14 MP: 3/3
   312 | D:1      | Reached XP level 2. HP: 22/22 MP: 3/5
   414 | D:1      | Learned a level 2 spell: Searing Ray
   571 | D:1      | Found a faded altar of an unknown god.
   679 | D:1      | Reached skill level 1 in Fighting
  1311 | D:2      | Reached XP level 3. HP: 26/28 MP: 1/6
  2121 | D:2      | Reached XP level 4. HP: 35/35 MP: 1/7
  2218 | D:2      | Reached skill level 1 in Unarmed Combat
  2972 | D:3      | Noticed a water moccasin
  2990 | D:3      | Killed a water moccasin
  2991 | D:3      | Reached skill level 2 in Fighting
  2991 | D:3      | Reached XP level 5. HP: 14/42 MP: 1/8
  3496 | D:3      | Learned a level 1 spell: Summon Small Mammal
  3532 | D:3      | Noticed Sigmund
  3539 | D:3      | Killed Sigmund
  3540 | D:3      | Reached XP level 6. HP: 50/50 MP: 0/9
  3765 | D:3      | Reached skill level 1 in Summonings
  4194 | D:4      | Noticed a sky beast
  4286 | D:4      | Found a glowing drain.
  4301 | D:4      | Reached skill level 3 in Fighting
  4322 | Sewer    | Entered a sewer
  4531 | Sewer    | Noticed Pargi
  4542 | Sewer    | Killed Pargi
  4543 | Sewer    | Reached skill level 5 in Conjurations
  4543 | Sewer    | Your scales start taking on an icy white colour.
  4543 | Sewer    | Reached XP level 7. HP: 57/57 MP: 0/10
  4543 | Sewer    | Gained mutation: Your flesh is cold resistant. (rC+) [White
                  | Draconian growth]
  5697 | D:5      | Entered Level 5 of the Dungeon
  5709 | D:4      | Reached skill level 4 in Fighting
  5810 | D:5      | Found a shimmering altar of Xom.
  5850 | D:5      | Reached XP level 8. HP: 61/66 MP: 0/12
  5918 | D:5      | Found a sand-covered staircase.
  5925 | Ossuary  | Entered an ossuary
  6544 | D:5      | Found Sobbaff's Assorted Antiques.
  6690 | D:5      | Bought a glass ring for 105 gold pieces
  6767 | D:5      | Gained mutation: You have a pair of small horns on your
                  | head. [potion of mutation]
  6767 | D:5      | Lost mutation: You have a pair of small horns on your head.
                  | [potion of mutation]
  6767 | D:5      | Gained mutation: Your body sometimes deteriorates upon
                  | taking damage. [potion of mutation]
  7240 | D:5      | Reached skill level 5 in Fighting
  7246 | D:5      | Reached skill level 5 in Stealth
  7264 | D:5      | Identified 2 scrolls of acquirement
  7274 | D:5      | Acquired 825 gold pieces
  7276 | D:5      | Acquired a +3 lajatang of electrocution
  7473 | D:5      | Reached skill level 1 in Staves
  7632 | D:5      | Reached XP level 9. HP: 56/74 MP: 13/13
  7784 | D:6      | Noticed Dowan
  7993 | D:6      | Reached skill level 5 in Dodging
  8244 | D:6      | Noticed Duvessa
  8258 | D:6      | Killed Duvessa
  8259 | D:6      | Killed Dowan
  8443 | D:6      | Found a runed translucent door.
  8444 | D:6      | Noticed Crazy Yiuf
  8503 | D:6      | Noticed Eustachio
  8516 | D:6      | Killed Eustachio
  8517 | D:6      | Reached skill level 6 in Fighting
  8662 | D:6      | Noticed a troll
  8680 | D:6      | Killed a troll
  8681 | D:6      | Reached skill level 5 in Staves
  8946 | D:6      | Lost mutation: Your body sometimes deteriorates upon taking
                  | damage. [potion of mutation]
  8946 | D:6      | Gained mutation: You do not regenerate when monsters are
                  | visible. [potion of mutation]
  8946 | D:6      | Gained mutation: You are clumsy. (Dex -2) [potion of
                  | mutation]
  8946 | D:6      | Gained mutation: You have sharp toenails. [potion of
                  | mutation]
  8946 | D:6      | Gained mutation: You have a pair of small horns on your
                  | head. [potion of mutation]
  9131 | D:6      | Found a snail-covered altar of Cheibriados.
  9261 | D:6      | Found a staircase to the Ecumenical Temple.
  9270 | Temple   | Entered the Ecumenical Temple
  9289 | Temple   | Became a worshipper of the Shining One
  9880 | D:6      | Killed Crazy Yiuf
  9993 | D:7      | Reached XP level 10. HP: 84/84 MP: 16/16
 10140 | D:7      | Reached skill level 7 in Fighting
 10282 | D:7      | Reached * piety under the Shining One
 10380 | D:7      | Found a basalt altar of Yredelemnul.
 10561 | D:7      | Found a white marble altar of Elyvilon.
 11013 | D:9      | HP: 4/129 [orc/+0 club (3)]
 11015 | D:9      | Succumbed to a water moccasin's poison

Illustrated notes

Levels and vault maps discovered:
D:1:      sevenhm_arrival_forest_fort_large_4, layout_loops_corners,
          basic_ecumenical_altar
D:2:      layout_loops_cross, minmay_divided_ellipse
D:3:      layout_loops_cross, uniq_sigmund
D:4:      layout_loops_ring, gup_sewer_entry_glass, kennysheep_generic_room_13
D:5:      lemuel_ratsnest, layout_rooms, lemuel_round_altar,
          nicolae_ossuary_entry_giza, serial_shops, nicolae_diamond_shop,
          minivault_27, kennysheep_generic_room_6
D:6:      layout_basic, minmay_temple_entry_antechambers, serial_undead,
          serial_undead_b, serial_undead_f, serial_undead_d, serial_undead_e,
          serial_undead_b, serial_undead_a, serial_undead_a,
          minmay_misc_feat_square, kennysheep_diamond,
          chequers_serial_rivers_micro_d, uniq_eustachio,
          uniq_crazy_yiuf_cottage, uniq_duvessa
D:7:      layout_gridville, kennysheep_ying_yang, minmay_misc_feat_five
D:8:      layout_basic, erik_lair_island, uniq_harold
D:9:      layout_rooms, slow_altar_1, kennysheep_mini_moat
Temple:   jpeg_temple_island

Skill      XL: |  1  2  3  4  5  6  7  8  9 10 |
---------------+-------------------------------+-----
Stealth        | 2 3 4 5 |  5.0
Dodging        | 2 3 4 6 |  6.5
Fighting       | 1 2 3 4 5 6 7 |  7.5
Unarmed Combat | 1 2 3 4 |  4.3
Summonings     | 1 2 3 |  3.0
Conjurations   | 5 6 |  6.1
Spellcasting   | 3 4 |  4.0
Staves         | 1 5 6 |  6.8

Action                   |  1- 3 |  4- 6 |  7- 9 | 10-12 || total
-------------------------+-------+-------+-------+-------++-------
Melee: Unarmed           |    37 |    19 |    50 |       ||   106
       Tailslap          |     5 |     3 |    19 |     5 ||    32
       Lajatang          |       |       |    88 |    39 ||   127
       Punch             |       |       |     1 |       ||     1
       Headbutt          |       |       |     7 |     7 ||    14
 Cast: Magic Dart        |    42 |    38 |    63 |     3 ||   146
       Searing Ray       |    12 |    27 |    70 |     4 ||   113
       Summon Small Mamm |       |       |     6 |       ||     6
 Abil: Breathe Frost     |       |       |    18 |     2 ||    20
  Use: Potion            |       |     3 |     2 |     4 ||     9
       Scroll            |       |       |    14 |     3 ||    17
 Stab: Sleeping          |       |       |     9 |       ||     9
       Distracted        |       |       |     1 |       ||     1
Armor: Skin              |    16 |    15 |   113 |    40 ||   184
Dodge: Dodged            |    30 |    31 |   186 |    65 ||   312
